Unix NetHack Version 3.7.0-97 Work-in-progress - last build Feb 8 2024 15:05:57 (6d6cdf8371b60126770a3d7b88910941cb14a054,branch:master). Game began 2024-02-12 19:09:28, ended 2024-02-12 20:08:27. nurdglaw, chaotic female human Rogue ----- --...| --)...| |...-- --- |.--- ---.----.| .(.......- --...@---. .......G .... ..). ......| .<...-- .....| -...-- -).-- ...- .*. Nurdglaw the Cutpurse St:13 Dx:18 Co:14 In:12 Wi:8 Ch:9 Chaotic S:1071 Dlvl:4 $:9 HP:0(37) Pw:16(16) AC:7 Xp:5/200 T:2148 Hungry Latest messages: The gnome lord picks up a corroded arrow. The gnome lord thrusts his dagger. The gnome lord hits! The gnome lord wields a dagger! In what direction? k You throw 3 daggers. The 1st dagger hits the gnome lord. The 2nd dagger hits the gnome lord! The 3rd dagger hits the gnome lord. The gnome lord thrusts his dagger. The gnome lord hits! In what direction? k You throw 3 daggers. The 1st dagger hits the gnome lord. The 2nd dagger hits the gnome lord! The 3rd dagger hits the gnome lord. You kill the gnome lord! v - 6 uncursed +0 daggers (at the ready) (12 in total). You learn more about your items by comparing them. v - an uncursed +0 dagger (at the ready) (13 in total). In what direction? j You throw 2 daggers. The 1st dagger hits the gnome. You kill the gnome! v - 2 uncursed +0 daggers (at the ready) (13 in total). In what direction? b You kill the gnome! You hear an F sharp squeak in the distance. v - an uncursed +0 dagger (at the ready) (13 in total). n - 7 darts (57 in total). F - a scroll labeled VAS CORP BET MANI. G - a green gem. H - an orange gem. What do you want to write with? [- abl-nvBDGH or ?*] G You write in the dust with a green gem. What do you want to write in the dust here? Never mind. What do you want to call? [lprxzCDF-H or ?*] G Call a green gem: green / soft In what direction? n The dagger hits the gnome. You hear crashing rock. The gnome swings her bow. The gnome hits! You die... Do you want your possessions identified? [ynq] (y) y Do you want to see your attributes? [ynq] (y) y Do you want an account of creatures vanquished? [ynaq] (y) y Do you want to see your conduct and achievements? [ynq] (y) y Do you want to see the dungeon overview? [ynq] (y) y Inventory: Coins $ - 9 gold pieces Weapons n - 57 uncursed +0 darts m - 6 cursed corroded +0 shuriken b - an uncursed +0 dagger (weapon in right hand) v - 12 uncursed +0 daggers (at the ready) B - an uncursed +1 elven dagger a - an uncursed +0 short sword named tlpthy (alternate weapon; not wielded) Armor c - an uncursed +1 leather armor named prayed on turn 1302 (being worn) Comestibles y - 2 uncursed food rations Scrolls F - an uncursed scroll of confuse monster p - an uncursed scroll of enchant armor named not cursed r - an uncursed scroll of remove curse x - an uncursed scroll of scare monster z - an uncursed scroll of teleportation named teleportation? Potions C - an uncursed potion of extra healing Wands l - an uncursed wand of probing (0:5) Tools h - an uncursed sack containing 3 items k - an uncursed lock pick A - an uncursed lock pick Gems/Stones G - an uncursed worthless piece of green glass H - an uncursed worthless piece of orange glass D - 2 uncursed worthless pieces of violet glass Contents of the sack: 62 gold pieces 3 uncursed potions of sickness an uncursed blindfold Nurdglaw the Rogue's attributes: Background: You were a Cutpurse, a level 5 female human Rogue. You were chaotic, on a mission for Kos who was opposed by Issek (lawful) and Mog (neutral). You were right-handed. You were in the Gnomish Mines, on level 4. You entered the dungeon 2148 turns ago. You had 200 experience points, 120 more were needed to attain level 6. Your score was 1071 before end-of-game adjustments. Basics: You had 0 out of 37 hit points. You had all 16 energy points (spell power). Your armor class was 7. Your wallet contained 9 zorkmids, and you had 62 more stashed away in your pack. Autopickup was on for '$' plus thrown. Final Characteristics: Your strength was 13 (limit:18/100). Your dexterity was 18 (limit:18). Your constitution was 14 (limit:18). Your intelligence was 12 (limit:18). Your wisdom was 8 (limit:18). Your charisma was 9 (limit:18). Final Status: You were hungry. You were unencumbered. You were wielding a dagger. You were skilled in dagger. Final Attributes: You were devoutly aligned. You were telepathic. You were stealthy. You were warded. You are dead. Miscellaneous: You never encountered a bones level. Total elapsed playing time was 58 minutes and 54 seconds. Major events: Turn 1: nurdglaw the chaotic female human Rogue entered the dungeon 739: attained the rank of Cutpurse (level 3) 1531: entered the Gnomish Mines 2148: killed by a gnome Vanquished creatures: a gnome leader a gray ooze a floating eye a kitten a kobold leader 5 orc zombies 7 dwarf zombies 2 coyotes a hobbit 2 yellow molds 6 gnomes 9 gnome zombies 4 jackals a fox 3 kobolds a goblin 2 sewer rats 3 grid bugs a bat 4 lichens 3 kobold zombies 4 newts 63 creatures vanquished. No species were genocided or became extinct. Voluntary challenges: You read items or engraved 9 times. You engraved Elbereth 7 times. You never genocided any monsters. You never polymorphed an object. You never changed form. You used no wishes. Achievements: You attained the rank of Cutpurse. You entered a shop. You entered the Gnomish Mines. The Dungeons of Doom: levels 1 to 5 Level 1: Level 2: A fountain. Level 3: "vault 1780" A fountain. Stairs down to The Gnomish Mines. Level 4: "vault" A fountain. Level 5: A fountain. The Gnomish Mines: Level 4: <- You were here. Final resting place for you, killed by a gnome. Game over: ---------- / \ / REST \ / IN \ / PEACE \ / \ | nurdglaw | | 71 Au | | killed by a | | gnome | | | | | | 2024 | *| * * * | * _________)/\\_//(\/(/\)/\//\/|_)_______ Goodbye nurdglaw the Rogue... You died in The Gnomish Mines on dungeon level 4 with 1064 points, and 71 pieces of gold, after 2148 moves. You were level 5 with a maximum of 37 hit points when you died.